Map: Frost LE

Players

llllllllllll - Winner!

  • Race: Zerg Zerg
  • League: Master

IIIIIIIIIIII

  • Race: Protoss Protoss
  • League: Grandmaster

VOD

Have the link to the VOD?

Description

Time

  • Played on: Aug. 4, 2016, 12:08 a.m.
  • Length: 12:17
Show
View Real Time Build Order
Export as new Build Order

llllllllllll Zerg - Winner!

Build Orders: Hatch First, Lurkers 

Get SALT Encoding   

  12  0:00  Drone  
  13  0:13  Overlord  
  13  0:17  Drone  
  14  0:31  Drone x2  
  17  0:35  Drone  
  17  0:53  Hatchery  
  17  0:56  Drone  
  17  1:00  Drone  
  18  1:10  Extractor  
  17  1:14  Spawning Pool  
  17  1:17  Drone  
  17  1:21  Drone  
  18  1:29  Drone  
  19  1:39  Overlord  
  19  1:50  Drone  
  20  2:01  Zergling x2  
  20  2:02  Queen  
  20  2:04  Queen  
  20  2:05  Drone  
  26  2:10  Metabolic Boost  
  26  2:11  Drone  
  27  2:18  Drone  
  28  2:32  Hatchery  
  28  2:35  Drone  
  28  2:38  Drone  
  28  2:41  Drone  
  30  2:44  Zergling x2  
  30  2:48  Pneumatized Carapace  
  31  2:54  Overlord  
  31  2:56  Drone  
  32  2:59  Drone  
  32  3:02  Drone  
  34  3:06  Drone  
  34  3:10  Drone  
  36  3:14  Queen  
  36  3:16  Drone  
  36  3:19  Drone  
  40  3:22  Zergling x2  
  40  3:26  Overlord  
  41  3:28  Drone  
  41  3:30  Drone x2  
  44  3:46  Drone x3  
  47  3:48  Overlord  
  47  3:50  Drone  
  47  3:51  Drone  
  49  3:56  Drone  
  50  4:07  Drone  
  50  4:08  Lair, Drone x5  
  56  4:10  Roach Warren  
  56  4:12  Drone  
  56  4:15  Evolution Chamber  
  55  4:18  Overlord  
  55  4:21  Drone x2  
  55  4:23  Drone x3  
  60  4:25  Extractor  
  60  4:26  Overlord  
  60  4:28  Zergling x6  
  62  4:35  Zergling x8  
  66  4:39  Overlord  
  66  4:45  Zerg Melee Weapons Level 1  
  66  4:48  Overlord  
  66  4:51  Roach x2  
  66  4:52  Roach x2  
  74  4:54  Drone x4  
  74  4:59  Overlord  
  78  5:00  Extractor  
  78  5:01  Drone x3  
  78  5:03  Drone  
  78  5:05  Drone  
  82  5:08  Overseer  
  82  5:09  Drone  
  82  5:13  Hydralisk Den  
  82  5:14  Drone x2  
  82  5:15  Extractor  
  82  5:19  Extractor, Drone  
  82  5:20  Extractor  
  80  5:34  Evolution Chamber  
  70  5:38  Roach x4  
  70  5:40  Drone  
  70  5:41  Drone x2  
  81  5:43  Drone  
  81  5:48  Drone x2  
  81  5:49  Drone  
  80  5:52  Drone x3  
  80  5:54  Drone  
  82  6:03  Drone x3  
  84  6:04  Lurker Den  
  84  6:09  Drone  
  85  6:11  Drone x2  
  85  6:12  Drone x2  
  85  6:17  Drone  
  90  6:20  Drone x2  
  92  6:29  Overlord  
  92  6:35  Overlord x2  
  92  6:37  Glial Reconstitution  
  92  6:38  Hydralisk x5  
  102  6:41  Zerg Melee Weapons Level 2  
  102  6:42  Hatchery  
  98  6:49  Drone x3  
  98  6:50  Drone  
  98  6:58  Zergling x12  
  104  7:02  Spire  
  104  7:07  Zergling x2  
  104  7:08  Zergling x14  
  111  7:10  Zergling x4  
  113  7:19  Overseer  
  113  7:23  Overlord  
  113  7:24  Zergling x4  
  115  7:40  Muscular Augments  
  115  7:41  Zergling x22  
  115  7:43  Lurker x5  
  131  7:47  Overlord  
  131  7:48  Overlord  
  131  7:59  Overlord  
  131  8:02  Hydralisk x6  
  143  8:06  Overlord  
  143  8:09  Overlord  
  143  8:10  Drone  
  143  8:11  Drone x5  
  149  8:13  Drone  
  149  8:17  Drone  
  149  8:18  Drone  
  152  8:24  Drone x3  
  152  8:27  Drone  
  155  8:38  Mutalisk x4  
  155  8:39  Mutalisk  
  161  8:42  Overlord  
  161  8:43  Overlord x2  
  161  8:47  Zergling x10  
  161  8:48  Zergling x4  
  163  8:51  Queen  
  156  9:16  Hydralisk x11  
  178  9:23  Queen  
  176  9:32  Zergling x2  
  176  9:33  Zergling x12  
  183  9:42  Hydralisk x3  
  189  9:47  Zerg Missile Weapons Level 1  
  189  9:49  Drone x2  
  189  9:50  Infestation Pit  
  189  9:51  Extractor x2  
  188  9:59  Ravager  
  188  10:02  Overlord  
  179  10:14  Hatchery  
  176  10:24  Hydralisk  
  176  10:25  Hydralisk x9  
  172  10:34  Zergling x14  
  159  10:39  Zergling x6  
  137  10:46  Hydralisk x2  
  138  10:51  Zergling x2  
  138  10:52  Zergling x2  
  140  10:58  Zergling x8  
  140  11:02  Lurker x4  
  140  11:03  Lurker x2  
  140  11:13  Zergling x20  
  150  11:25  Hydralisk x4  
  152  11:32  Zergling x10  
  161  11:49  Hydralisk  
  161  11:50  Hydralisk x9  
  161  11:52  Zergling x6  
  179  12:01  Extractor  
Show
View Real Time Build Order
Export as new Build Order

IIIIIIIIIIII Protoss 

Build Orders: 1 Gate Expand 

Get SALT Encoding   

  12  0:01  Probe (Chrono Boost)  
  13  0:11  Probe (Chrono Boost)  
  14  0:17  Pylon  
  14  0:22  Probe (Chrono Boost)  
  15  0:35  Probe (Chrono Boost)  
  16  0:36  Gateway  
  16  0:43  Assimilator  
  16  0:46  Probe (Chrono Boost)  
  17  0:56  Probe (Chrono Boost)  
  18  1:10  Probe (Chrono Boost)  
  19  1:21  Nexus  
  19  1:24  Probe (Chrono Boost)  
  20  1:34  Cybernetics Core  
  20  1:35  Probe (Chrono Boost)  
  21  1:42  Assimilator  
  21  1:46  Probe (Chrono Boost)  
  22  1:51  Pylon  
  22  1:57  Probe (Chrono Boost)  
  23  2:09  Adept  
  23  2:13  Warp Gate  
  23  2:15  Probe (Chrono Boost)  
  26  2:23  Twilight Council  
  26  2:27  Probe (Chrono Boost)  
  27  2:34  Probe (Chrono Boost)  
  27  2:35  Stalker  
  30  2:38  Probe (Chrono Boost)  
  31  2:44  Probe (Chrono Boost)  
  31  2:49  Resonating Glaives, Probe (Chrono Boost)  
  33  2:55  Probe (Chrono Boost)  
  34  3:01  Probe (Chrono Boost)  
  36  3:05  Probe (Chrono Boost)  
  37  3:13  Probe (Chrono Boost)  
  37  3:16  Probe (Chrono Boost)  
  37  3:18  Gateway  
  37  3:19  Gateway  
  38  3:25  Probe (Chrono Boost)  
  38  3:26  Probe (Chrono Boost)  
  40  3:30  Pylon  
  40  3:35  Pylon  
  40  3:37  Mothership Core (Chrono Boost), Probe (Chrono Boost)  
  40  3:41  Assimilator  
  44  3:49  Probe (Chrono Boost)  
  44  3:56  Probe (Chrono Boost)  
  44  3:57  Pylon  
  44  4:01  Probe (Chrono Boost)  
  46  4:06  Probe (Chrono Boost)  
  47  4:13  Probe (Chrono Boost)  
  47  4:15  Robotics Facility  
  49  4:17  Probe (Chrono Boost), Adept  
  49  4:18  Adept x2  
  49  4:23  Nexus  
  56  4:26  Probe (Chrono Boost)  
  56  4:27  Probe (Chrono Boost)  
  57  4:34  Pylon  
  57  4:37  Pylon  
  57  4:38  Adept x2  
  59  4:42  Probe (Chrono Boost)  
  59  4:43  Probe (Chrono Boost)  
  59  4:45  Adept  
  65  4:52  Gateway  
  65  4:58  Adept x2  
  65  4:59  Observer  
  71  5:01  Probe x2 (Chrono Boost)  
  72  5:09  Pylon  
  72  5:13  Probe x2 (Chrono Boost)  
  74  5:17  Assimilator  
  74  5:21  Adept x2  
  74  5:25  Probe x2 (Chrono Boost)  
  76  5:37  Probe x2 (Chrono Boost)  
  76  5:39  Immortal  
  76  5:43  Probe (Chrono Boost)  
  76  5:49  Probe (Chrono Boost)  
  80  5:56  Probe (Chrono Boost), Robotics Bay  
  81  5:57  Probe (Chrono Boost), Forge  
  81  6:02  Probe (Chrono Boost)  
  83  6:04  Sentry x3  
  83  6:07  Assimilator  
  83  6:08  Probe x2 (Chrono Boost)  
  83  6:09  Assimilator  
  91  6:12  Gateway  
  91  6:14  Probe (Chrono Boost), Gateway  
  94  6:18  Probe (Chrono Boost)  
  94  6:20  Probe (Chrono Boost), Protoss Ground Weapons Level 1  
  94  6:24  Warp Prism  
  95  6:26  Pylon, Probe (Chrono Boost)  
  95  6:28  Pylon  
  95  6:31  Probe (Chrono Boost)  
  95  6:32  Probe (Chrono Boost)  
  99  6:34  Pylon  
  99  6:37  Pylon  
  99  6:38  Probe (Chrono Boost)  
  100  6:44  Blink  
  98  6:54  Stalker x4  
  96  6:59  Gravitic Drive  
  103  7:08  Gateway  
  103  7:13  Gateway  
  103  7:14  Gateway  
  103  7:16  Pylon, Photon Cannon  
  103  7:17  Disruptor  
  103  7:18  Pylon  
  103  7:19  Robotics Facility  
  103  7:20  Stalker x2  
  107  7:33  Stalker  
  107  7:34  Stalker x3  
  115  7:50  Disruptor  
  115  7:51  Gateway  
  115  7:56  Adept  
  115  7:58  Adept x5  
  130  7:59  Pylon  
  130  8:00  Pylon  
  130  8:03  Protoss Ground Weapons Level 2  
  130  8:14  Nexus  
  130  8:16  Photon Cannon  
  130  8:17  Pylon  
  130  8:18  Disruptor  
  130  8:19  Pylon, Photon Cannon  
  133  8:33  Zealot x5  
  143  8:36  Disruptor  
  143  8:46  Charge  
  140  8:54  Disruptor  
  127  9:07  Disruptor  
  127  9:09  Stalker x6  
  131  9:15  Probe x2 (Chrono Boost)  
  136  9:17  Pylon  
  136  9:32  Stalker x2  
  136  9:33  Stalker x2  
  136  9:36  Disruptor  
  136  9:37  Pylon  
  147  9:45  Mothership Core (Chrono Boost)  
  147  9:47  Photon Cannon  
  147  9:50  Photon Cannon  
  149  9:52  Probe (Chrono Boost)  
  149  9:54  Probe (Chrono Boost), Templar Archives  
  149  9:55  Probe (Chrono Boost)  
  149  10:04  Probe (Chrono Boost)  
  149  10:06  Probe (Chrono Boost)  
  149  10:07  Probe (Chrono Boost)  
  150  10:18  Observer  
  146  10:21  Observer  
  140  10:29  Stalker x2  
  140  10:30  Stalker x2  
  140  10:32  Adept  
  140  10:33  Adept x4  
  135  10:37  Observer  
  105  10:46  Probe x3 (Chrono Boost)  
  100  10:52  Stalker x3  
  100  10:53  Stalker  
  107  10:58  Probe (Chrono Boost)  
  107  11:01  Probe (Chrono Boost)  
  107  11:02  High Templar x4  
  116  11:06  Probe (Chrono Boost)  
  116  11:08  Archon  
  116  11:10  Probe (Chrono Boost)  
  115  11:12  Archon, Immortal  
  116  11:30  Nexus  
  124  11:55  Pylon  
  124  11:58  Pylon  
  124  11:59  Zealot x3  
  124  12:00  Adept  
  128  12:02  Adept x2  
Tags
 
Add a new tag
Caveats
  • Supply blocks, unpowered buildings, or Contaminate may cause inaccurate times.
  • Supply counts are checked every 10 seconds.